 Dungeon Crawl Stone Soup version 0.28-a0-819-g6ef7baa362 (webtiles) character file.

Game seed: 8457182589362678787

221 lunkers the Skirmisher (level 6, -1/48 HPs)
             Began as a Djinni Cinder Acolyte on Nov 9, 2021.
             Was a High Priest of Ignis.
             Slain by a gnoll (4 damage)
             ... on level 3 of the Dungeon.
             The game lasted 00:07:21 (4420 turns).

lunkers the Skirmisher (Djinni Cinder Acolyte)      Turns: 4420, Time: 00:07:22

Health: -1/48      AC:  5    Str: 13    XL:     6   Next: 18%
Gold:   1239       EV: 11    Int: 18    God:    Ignis [*****.] SH:  0 Dex:  8

rFire   + + +      SeeInvis .   a - -1 short sword (flame)
rCold   x . .      Faith    .   (no shield)
rNeg    . . .      Spirit   .   b - +0 robe
rPois   ∞          Reflect  .   (no helmet)
rElec   .          Harm     .   (no cloak)
rCorr   .          Rampage  .   k - +2 pair of gloves
Will    .....                   (boots unavailable)
Stlth   +.........              h - amulet of the acrobat
HPRegen 0.16/turn               (no ring)
MPRegen 0.00/turn               (no ring)

@: flying, very slightly contaminated
A: sickness immunity, fire resistance 2, cold vulnerability 1, float, innate
caster, hp casting, extra vitality 1
a: Renounce Religion, Sea of Fire, Foxfire Swarm, Rising Flame


You were on level 3 of the Dungeon.
You worshipped Ignis.
Ignis was extremely pleased with you.
You visited 1 branch of the dungeon, and saw 4 of its levels.

You collected 1239 gold pieces.

Inventory:

Hand Weapons
 a - a -1 short sword of flaming (weapon)
Armour
 b - a +0 robe (worn)
 k - a +2 pair of gloves (worn)
Jewellery
 c - a ring of positive energy
 h - an amulet of the acrobat (around neck)
Scrolls
 e - a scroll of enchant weapon {unknown}
 f - 2 scrolls of identify {unknown}
 l - a scroll of vulnerability {unknown}
 n - a scroll of fear {unknown}
 o - a scroll of summoning {unknown}
Potions
 d - a potion of mutation {unknown}
 g - a potion of curing {unknown}
 i - 2 potions of heal wounds {unknown}
 j - 2 potions of cancellation {unknown}
 m - a potion of degeneration {unknown}


   Skills:
 + Level 4.4 Fighting
 - Level 2.6 Short Blades
 * Level 4.3 Spellcasting


You had 8 spell levels left.
You knew the following spells:

 Your Spells              Type           Power      Damage    Failure   Level
a - Beastly Appendage     Tmut           38%        N/A       2%          1
b - Static Discharge      Conj/Air       19%        N/A       3%          2
p - Scorch                Fire           38%        2d6       3%          2
Your spell library was empty.

Dungeon Overview and Level Annotations

Branches:
Dungeon (4/15)
 Temple: D:4-7

Altars:


Innate Abilities, Weirdness & Mutations

You are immune to sickness and miasma.
You are immune to poison.
Your flesh is very heat resistant. (rF++)
You are vulnerable to cold. (rC-)
You float through the air rather than walking.
You learn spells naturally, not from books.
Your magical power is your life essence.
You have superior vitality. (+4 HP)


Message History

Your experience leads to an increase in your attributes!
Increase (S)trength, (I)ntelligence, or (D)exterity?
You feel clever.
There is an open door here.
Your magical contamination has completely faded away.
There is a stone staircase leading up here.
The gnoll hits you with a +0 whip.
* * * LOW HITPOINT WARNING * * *
You fly upwards.
There is a stone staircase leading down here.
Casting: Static Discharge (safe; 3% risk of failure)
Confirm with . or Enter, or press ? or * to list all spells.
Okay, then.
Casting: Static Discharge (safe; 3% risk of failure)
Confirm with . or Enter, or press ? or * to list all spells.
You miscast Static Discharge.
You are very lightly contaminated with residual magic.
Nothing appears to happen.
* * * LOW HITPOINT WARNING * * *
The gnoll hits you with a +0 whip.
* * * LOW HITPOINT WARNING * * *
Casting: Static Discharge (safe; 3% risk of failure)
Confirm with . or Enter, or press ? or * to list all spells.
The gnoll is struck by an arc of lightning.
The gnoll is heavily wounded.
You are struck by an arc of lightning.
* * * LOW HITPOINT WARNING * * *
The lightning grounds out.
* * * LOW HITPOINT WARNING * * *
The gnoll hits you but does no damage.
Casting: Static Discharge (safe; 3% risk of failure)
Confirm with . or Enter, or press ? or * to list all spells.
The gnoll is struck by an arc of lightning!
The gnoll is almost dead.
You are struck by an arc of lightning.
* * * LOW HITPOINT WARNING * * *
The lightning grounds out.
* * * LOW HITPOINT WARNING * * *
The gnoll hits you with a +0 whip.
You die...

..##.#.# #.........# #.#
#.##.#.##########..# ###
#.##.#.............#
#.##<###########...#
#.###########......# #.#
#......#.##.#.# #.#
#......#.##.#.######
#.####......#.##.#......#
...............g@######.#
#.####......#.#### #.#
#.# #......#.# #.# #.#
########.#########.# #.#
#..)........# #.#
############# #.########
#...)))).# ########.#


You could see a gnoll.

Vanquished Creatures
  A scorpion (D:4)
  2 hounds (D:3)
  3 adders
  A worm (D:2)
  2 dart slugs (D:1)
  4 orcs (D:3)
  3 endoplasms
  4 giant cockroaches
  5 goblins
  4 hobgoblins (D:2)
  4 jackals (D:1)
  4 quokkas
  7 ball pythons
  3 bats
  3 frilled lizards
  10 kobolds
  A rat (D:1)
61 creatures vanquished.

Notes
Turn   | Place    | Note
-------+----------+-------------------------------------------
     0 | D:1      | lunkers the Djinni Cinder Acolyte began the quest for the
                  | Orb.
     0 | D:1      | Reached XP level 1. HP: 20/20 MP: 0/0
   322 | D:1      | Reached XP level 2. HP: 21/25 MP: 0/0
  1116 | D:1      | Reached XP level 3. HP: 15/30 MP: 0/0
  1116 | D:1      | Learned a level 1 spell: Beastly Appendage
  2477 | D:2      | Reached XP level 4. HP: 31/35 MP: 0/0
  2891 | D:2      | Identified a scroll of acquirement
  2891 | D:2      | Acquired 1068 gold pieces
  3148 | D:2      | Found a faded altar of an unknown god.
  3385 | D:3      | Reached XP level 5. HP: 37/41 MP: 0/0
  3385 | D:3      | Learned a level 2 spell: Static Discharge
  4410 | D:4      | Reached XP level 6. HP: 19/48 MP: 0/0
  4420 | D:3      | Slain by a gnoll

Illustrated notes

Levels and vault maps discovered:
D:1:      ncdulo_halloftheorcs, layout_loops_corners, minmay_close_crescents
D:2:      layout_basic, dilly_ecumenical_altar_fadedgnrine, patterned_corridor
D:3:      layout_basic
D:4:      layout_gridville, kennysheep_mini_moat, old_standard_altar,
          minmay_temple_entry_statues_fountains, grunt_ministairs_4,
          nicolae_shop_overcharged_wands

Skill      XL: |  1  2  3  4  5 |
---------------+----------------+-----
Spellcasting   | 3 4 |  4.3
Fighting       | 4 |  4.4
Short Blades   | |  2.6

Action                   |  1- 3 |  4- 6 || total
-------------------------+-------+-------++-------
Melee: Short sword       |    40 |       ||    40
 Cast: Scorch            |    33 |    45 ||    78
       Static Discharge  |       |     6 ||     6
  Use: Scroll            |       |     1 ||     1
Armor: Robe              |     9 |     3 ||    12
Dodge: Dodged            |    32 |     8 ||    40

Table legend: (Time is in decaauts)
 A = Elapsed time spent in this place.
 B = Non-inter-level travel time spent in this place.
 C = Inter-level travel time spent in this place.
 D = Time resting spent in this place.
 E = Time spent auto-exploring this place.
 F = Levels seen in this place.
 G = Mean time per level.
                   A        B        C        D        E       F      G
               +--------+--------+--------+--------+--------+-----+--------+
         Total |   4418 |   4282 |    136 |    280 |   3624 |   4 | 1104.5 |
       Dungeon |   4418 |   4282 |    136 |    280 |   3624 |   4 | 1104.5 |
               +--------+--------+--------+--------+--------+-----+--------+

Top non-repeatable levels by time:
     D:1: 1999 daAuts
     D:2: 1241 daAuts
     D:3: 1149 daAuts
     D:4: 28 daAuts
